 Dungeon Crawl Stone Soup version 0.25-a0-578-gc91f01c39c (webtiles) character file.

Game seed: 4579447796095395850, levelgen mode: deterministic

311 Flugslaktarn the Chopper (level 6, -3/55 HPs)
             Began as a Minotaur Fighter on Mar 3, 2020.
             Killed by nerve-wracking pain
             ... invoked by an orc priest
              (5 damage)
             ... on level 3 of the Dungeon.
             The game lasted 00:00:46 (1309 turns).

Flugslaktarn the Chopper (Minotaur Fighter)         Turns: 1309, Time: 00:00:47

Health: -3/55      AC:  8    Str: 22    XL:     6   Next: 18%
Magic:  5/5        EV:  7    Int:  5    God:
Gold:   34         SH: 10    Dex: 10    Spells: 5/5 levels left

rFire    . . .     SeeInvis .   a - +0 war axe
rCold    . . .     Gourm    .   c - +0 kite shield
rNeg     . . .     Faith    .   b - +0 scale mail
rPois    .         Spirit   .   (helmet restricted)
rElec    .         Reflect  .   (no cloak)
rCorr    .         Harm     .   (no gloves)
MR       .....                  m - +0 pair of boots
Stlth    ..........             (no amulet)
HPRegen  0.18/turn              (no ring)
MPRegen  0.09/turn              (no ring)

@: no status effects
A: retaliatory headbutt, horns 2
a: no special abilities


You were on level 3 of the Dungeon.
You were hungry.

You visited 1 branch of the dungeon, and saw 3 of its levels.

You collected 34 gold pieces.

Inventory:

Hand Weapons
 a - a +0 war axe (weapon)
Armour
 b - a +0 scale mail (worn)
 c - a +0 kite shield (worn)
 m - a +0 pair of boots (worn)
   (You found it on level 3 of the Dungeon)
Jewellery
 f - an uncursed ring of fire {unknown}
   (You found it on level 1 of the Dungeon)
Scrolls
 h - a scroll of blinking {unknown}
 k - a scroll of fog {unknown}
Potions
 d - a potion of might
 g - a potion of ambrosia {unknown}
 i - a potion of curing {unknown}
 l - a potion of haste {unknown}
Comestibles
 e - 2 rations
 j - 7 chunks of flesh


   Skills:
 + Level 4.9 Fighting
 * Level 5.3 Axes
 + Level 4.9 Armour
 + Level 4.9 Shields


You had 5 spell levels left.
You didn't know any spells.
Your spell library was empty.

Dungeon Overview and Level Annotations

Branches:
Dungeon (3/15)

Altars:
Sif Muna

Annotations:
D:3 exclusions: door and 1 more exclusion


Innate Abilities, Weirdness & Mutations

You reflexively headbutt those who attack you in melee.
You have a pair of horns on your head.


Message History

You closely miss the orc warrior.
The orc warrior is almost dead.
You closely miss the orc priest.
The orc warrior hits you with a +0 dire flail!!
* * * LOW HITPOINT WARNING * * *
The orc priest hits you but does no damage.
You are too injured to fight recklessly!
You are too injured to fight recklessly!
You are too injured to fight recklessly!
You are too injured to fight recklessly!
You are too injured to fight recklessly!
You are too injured to fight recklessly!
You are too injured to fight recklessly!
You are too injured to fight recklessly!
You are too injured to fight recklessly!
You are too injured to fight recklessly!
Unknown command.
The orc priest invokes the aid of Beogh against you.
Pain shoots through your body!
You die...

##.## ....###. ##..# # #.
## #. ###.## #.#.. #. #
#..# #.#.# #. ####.###
#.... # #. ##.....#
#.#.#### .# # ##
##...(.#####.....# .##.#
##.....##..'.....###....##
.####.###.##....@........#
.# #.###.###.###.o.......
.# #.##....#.# #.o).....#
.# #.......#.# ###g######
.# ##.#÷...#.# o.. .#
#..÷...#.# ..... .#
#..#.....# ....... .#
#....###.# ....... .#
#.#.÷# #.# .......


You could see an orc warrior, an orc priest, an orc and a hobgoblin.

Vanquished Creatures
  Grinder (D:3)
  Natasha (D:3)
  4 adders
  3 worms
  A dart slug (D:1)
  2 leopard geckos (D:3)
  2 orcs (D:3)
  2 giant cockroaches (D:3)
  5 goblins
  2 hobgoblins
  2 jackals (D:2)
  2 kobolds
  A quokka (D:3)
  7 bats
  11 rats
46 creatures vanquished.

Notes
Turn   | Place    | Note
-------+----------+-------------------------------------------
     0 | D:1      | Flugslaktarn the Minotaur Fighter began the quest for the
                  | Orb.
     0 | D:1      | Reached XP level 1. HP: 19/19 MP: 0/0
   126 | D:2      | Reached XP level 2. HP: 27/27 MP: 1/1
   207 | D:2      | Reached skill level 3 in Axes
   599 | D:2      | Reached XP level 3. HP: 31/33 MP: 2/2
   746 | D:3      | Noticed Grinder
   749 | D:3      | Paralysed by Grinder for 3 turns
   761 | D:3      | Killed Grinder
   761 | D:3      | Reached skill level 5 in Axes
   761 | D:3      | Reached XP level 4. HP: 12/41 MP: 3/3
   761 | D:3      | Reached XP level 5. HP: 14/47 MP: 4/4
  1038 | D:3      | Found a shimmering blue altar of Sif Muna.
  1218 | D:3      | Reached XP level 6. HP: 55/55 MP: 5/5
  1263 | D:3      | Noticed Natasha
  1268 | D:3      | Killed Natasha
  1290 | D:3      | Noticed an orc warrior
  1307 | D:3      | HP: 2/55 [orc warrior/+0 dire flail (20)]
  1309 | D:3      | Killed from afar by an orc priest

Levels and vault maps discovered:
D:1:      dpeg_arrival_prison, layout_basic
D:2:      layout_loops_corners, lemuel_crystal_altar, tso_altar
D:3:      layout_basic, led_sif_book, uniq_natasha, uniq_grinder

Skill      XL: |  1  2  3 |
---------------+----------+-----
Axes           | 3 5 |  5.3
Fighting       | 4 |  4.9
Armour         | 4 |  4.9
Shields        | 4 |  4.9

Action                   |  1- 3 |  4- 6 || total
-------------------------+-------+-------++-------
Melee: War axe           |    64 |    67 ||   131
       Headbutt          |    12 |     7 ||    19
  Eat: Chunk             |       |     1 ||     1
Armor: Scale mail        |    29 |    28 ||    57
Dodge: Dodged            |    17 |    23 ||    40
Block: Kite shield       |    26 |    32 ||    58

Table legend:
 A = Non-vault XP
 B = Vault XP
 C = Vault XP percentage of total XP
 D = Non-vault monster count
 E = Vault monster count
 F = Vault count percentage of total count
                 A         B        C        D         E       F
            +---------+---------+-------+---------+---------+-------
      Total |     130 |     315 |  70.8 |      41 |       5 |  10.9
            +---------+---------+-------+---------+---------+-------
        D:1 |       8 |       3 |  27.3 |       3 |       3 |  50.0
        D:2 |      41 |       0 |   0.0 |      14 |       0 |   0.0
        D:3 |      81 |     312 |  79.4 |      24 |       2 |   7.7
            +---------+---------+-------+---------+---------+-------
